[Event "Titled Tuesday Blitz November 29 Early 2022"]
[White "Sadubayev, Airat"]
[Black "Nepo"]
[WhiteFideId "13713264"]
[WhiteElo "2160"]
[BlackElo "2130"]
[Result "1-0"]
[Round "01"]
[TimeControl "180+1"]
[Date "2022.11.30"]
[WhiteClock "0:00:51"]
[BlackClock "0:00:21"]

1. d4 Nf6 2. c4 e6 3. Nf3 d5 4. g3 Bb4+ 5. Bd2 Be7 6. Bg2 O-O 7. O-O c6 8. Qc2 Nbd7 9. Rd1 b6 10. Bf4 Bb7 11. Ne5 Rc8 12. Nc3 Nxe5 13. dxe5 Nd7 14. e4 Qe8 15. exd5 cxd5 16. cxd5 exd5 17. Bxd5 Bxd5 18. Rxd5 Nc5 19. Rad1 Ne6 20. Be3 b5 21. Qe2 b4 22. Ne4 Qa4 23. b3 Qc6 24. Bxa7 Qc2 25. R5d2 Qc7 26. Qe3 Qxe5 27. Nd6 Bxd6 28. Rxd6 Qxe3 29. Bxe3 Rc2 30. R6d2 Rfc8 31. Rxc2 Rxc2 32. Rc1 Rxc1+ 33. Bxc1 Nd4 34. Kg2 Ne2 35. Bd2 Nc3 36. a4 Kf8 37. Kf3 Ke7 38. Bxc3 1-0


[Site "https://www.chess.com"]

[Event "Titled Tuesday Blitz November 29 Early 2022"]
[White "Sai Han Thiha"]
[Black "Bok, Benjamin"]
[WhiteFideId "13012290"]
[BlackFideId "1017063"]
[WhiteElo "2023"]
[BlackElo "2658"]
[Result "0-1"]
[Round "01"]
[TimeControl "180+1"]
[Date "2022.11.30"]
[WhiteClock "0:00:13"]
[BlackClock "0:00:11"]

1. d4 Nf6 2. c4 e6 3. Nf3 d5 4. Nc3 c6 5. e3 Nbd7 6. Bd3 dxc4 7. Bxc4 b5 8. Bd3 Bb7 9. e4 b4 10. Na4 c5 11. e5 Nd5 12. O-O cxd4 13. Be4 Be7 14. Qxd4 Qa5 15. b3 Rd8 16. Be3 N7b6 17. Bxd5 Bxd5 18. Qg4 g6 19. Nxb6 axb6 20. Ng5 h5 21. Qf4 O-O 22. h4 Bb7 23. Rfd1 b5 24. Kh2 Qc7 25. Rxd8 Qxd8 26. Rc1 Qd7 27. Rc2 Ba8 28. Rd2 Qc6 29. Qg3 Rd8 30. Rxd8+ Bxd8 31. Nf3 Qe4 32. Ng5 Qf5 33. Nf3 Be7 34. Nd4 Qe4 35. Nf3 Bd5 36. Ng5 Qf5 37. Nf3 Bxf3 38. gxf3 Qd3 39. Qf4 Qf5 40. Qxf5 exf5 41. Kg3 Kf8 42. Bg5 Bxg5 43. hxg5 Ke7 44. f4 Ke6 45. Kf3 Kd5 46. Ke3 Kc5 47. Kd3 h4 48. Ke3 h3 49. Kf3 Kd4 50. Kg3 Ke4 51. f3+ Ke3 52. Kh4 Kxf3 53. Kxh3 Kxf4 54. e6 fxe6 55. Kg2 e5 56. Kf2 e4 57. Ke2 Kxg5 58. Ke3 Kf6 59. Kd4 g5 60. Kc5 e3 61. Kxb4 e2 62. Kc3 e1=Q+ 0-1


[Site "https://www.chess.com"]

[Event "Titled Tuesday Blitz November 29 Early 2022"]
[White "Salman, Pavel"]
[Black "Drygalov, Sergey"]
[WhiteFideId "24153753"]
[BlackFideId "24171743"]
[WhiteElo "2187"]
[BlackElo "2528"]
[Result "0-1"]
[Round "01"]
[TimeControl "180+1"]
[Date "2022.11.30"]
[WhiteClock "0:00:03"]
[BlackClock "0:00:49"]

1. Nf3 d5 2. g3 g6 3. Bg2 Bg7 4. O-O e5 5. d3 Ne7 6. Nbd2 O-O 7. e4 Nbc6 8. Re1 h6 9. c3 Be6 10. Qc2 Qd7 11. a3 Rad8 12. b4 a6 13. Bb2 f5 14. Rad1 fxe4 15. dxe4 d4 16. cxd4 exd4 17. Nc4 Bg4 18. Ncd2 d3 19. Qb1 Nd4 20. Nxd4 Bxd4 21. Bxd4 Qxd4 22. Re3 Bxd1 23. Qxd1 Nc6 24. Nb3 Qb2 25. f4 d2 26. e5 Nd4 27. Nxd2 Kh7 28. Qe1 Nc2 29. Nc4 Qd4 30. Qc3 Nxe3 31. Qxd4 Rxd4 32. Nxe3 c6 33. Kf2 Rfd8 34. a4 Rxb4 35. a5 Kg7 36. h4 h5 37. Bf3 Rb2+ 38. Ke1 Rb3 39. Ke2 Rdd3 40. f5 Rxe3+ 0-1


[Site "https://www.chess.com"]

[Event "Titled Tuesday Blitz November 29 Early 2022"]
[White "Sanchez, Robert"]
[Black "Postnikov, Daniil"]
[WhiteFideId "2034360"]
[BlackFideId "4166329"]
[WhiteElo "2322"]
[BlackElo "2261"]
[Result "0-1"]
[Round "01"]
[TimeControl "180+1"]
[Date "2022.11.30"]
[WhiteClock "0:00:09"]
[BlackClock "0:00:24"]

1. e4 e6 2. d4 d5 3. Nc3 Nf6 4. e5 Nfd7 5. f4 c5 6. Nf3 Nc6 7. Be3 Rb8 8. Be2 a6 9. O-O b5 10. Qd2 b4 11. Nd1 g6 12. c3 bxc3 13. bxc3 Qa5 14. Qe1 h5 15. Qg3 Be7 16. c4 cxd4 17. Nxd4 Nxd4 18. Bxd4 Bc5 19. Qe3 Bb7 20. Kh1 O-O 21. Bxh5 Bxd4 22. Qxd4 gxh5 23. f5 dxc4 24. Qxd7 Qxe5 25. Rc1 Qd5 26. Qxd5 exd5 27. Rc3 Rfe8 28. Rg3+ Kf8 29. f6 d4 30. h4 Re4 31. Rf5 Rxh4+ 32. Kg1 Re8 33. Rg7 Re1+ 34. Kf2 Rxd1 35. Rfg5 Ke8 36. Rg8+ Kd7 37. Rf8 Rf4+ 38. Kg3 Rxf6 0-1


[Site "https://www.chess.com"]

[Event "Titled Tuesday Blitz November 29 Early 2022"]
[White "Santos Ruiz, Miguel"]
[Black "Donskov, Anatoly"]
[WhiteFideId "22291482"]
[BlackFideId "24143413"]
[WhiteElo "2503"]
[BlackElo "2219"]
[Result "1-0"]
[Round "01"]
[TimeControl "180+1"]
[Date "2022.11.30"]
[WhiteClock "0:00:32"]
[BlackClock "0:00:03"]

1. e4 c5 2. Nf3 e6 3. d4 cxd4 4. Nxd4 Nf6 5. Nc3 Nc6 6. a3 d6 7. Be3 Be7 8. Bd3 O-O 9. O-O Qc7 10. f4 Nxd4 11. Bxd4 e5 12. Be3 exf4 13. Rxf4 Be6 14. Qf3 Nd7 15. Bd4 Ne5 16. Qg3 Kh8 17. Raf1 a6 18. Kh1 b5 19. Nd5 Bxd5 20. exd5 Kg8 21. c3 Rae8 22. Bb1 g6 23. h4 Bd8 24. h5 Qe7 25. Qh3 f5 26. Bc2 Qg7 27. a4 Bg5 28. R4f2 Bf6 29. axb5 axb5 30. Bd1 Nc4 31. Bxf6 Qxf6 32. Be2 Re4 33. Kg1 Ne3 34. Ra1 Nxd5 35. Bf3 Nf4 36. Qg3 Rc4 37. Ra7 Rf7 38. Ra8+ Kg7 39. Qh2 b4 40. h6# 1-0


[Site "https://www.chess.com"]

[Event "Titled Tuesday Blitz November 29 Early 2022"]
[White "Sellitti, Federico"]
[Black "Ravot, Sylvain"]
[WhiteFideId "821829"]
[BlackFideId "627763"]
[WhiteElo "2604"]
[BlackElo "2195"]
[Result "1-0"]
[Round "01"]
[TimeControl "180+1"]
[Date "2022.11.30"]
[WhiteClock "0:00:20"]
[BlackClock "0:00:05"]

1. e4 c5 2. Nc3 Nc6 3. g3 g6 4. Bg2 Bg7 5. d3 Rb8 6. Be3 d6 7. Qd2 b5 8. Nge2 b4 9. Nd1 Nf6 10. Bh6 O-O 11. h4 Nd4 12. Bxg7 Kxg7 13. h5 Bg4 14. Nxd4 cxd4 15. f3 Be6 16. g4 a5 17. Nf2 Qc7 18. g5 Nxh5 19. f4 Rfc8 20. f5 Bd7 21. Rc1 b3 22. axb3 Rxb3 23. Nd1 Rb5 24. Bf3 d5 25. Bxh5 Qg3+ 26. Qf2 Qxf2+ 27. Kxf2 gxh5 28. Rxh5 dxe4 29. dxe4 d3 30. c4 Rb4 31. Ke3 Rbxc4 32. Nc3 Rb4 33. Rch1 1-0


[Site "https://www.chess.com"]

[Event "Titled Tuesday Blitz November 29 Early 2022"]
[White "Sethuraman, S.P."]
[Black "Zacurdajev, Dmitry"]
[WhiteFideId "5021596"]
[BlackFideId "4196309"]
[WhiteElo "2545"]
[BlackElo "2179"]
[Result "1-0"]
[Round "01"]
[TimeControl "180+1"]
[Date "2022.11.30"]
[WhiteClock "0:01:28"]
[BlackClock "0:00:28"]

1. e4 c6 2. d4 d5 3. e5 c5 4. Nf3 Nc6 5. dxc5 e6 6. Be3 Nge7 7. c3 Nf5 8. Bd4 Bd7 9. Nbd2 Nfxd4 10. cxd4 b6 11. Nb3 bxc5 12. Nxc5 Bxc5 13. dxc5 Qa5+ 14. Qd2 Qxc5 15. Rc1 Qb6 16. Bd3 h6 17. O-O O-O 18. Bb1 Rfc8 19. h4 Ne7 20. h5 Rxc1 21. Rxc1 Rc8 22. Rxc8+ Bxc8 23. Qc2 Qc6 24. Qh7+ Kf8 25. Qh8+ Ng8 26. Bh7 Qc1+ 27. Kh2 Qf4+ 28. Kh3 Ba6 29. Qxg8+ Ke7 30. Qxg7 Kd7 31. Qf6 1-0


[Site "https://www.chess.com"]

[Event "Titled Tuesday Blitz November 29 Early 2022"]
[White "Shipov, Sergei"]
[Black "Valle Maytin, Luis Enrique"]
[WhiteFideId "4113624"]
[BlackFideId "3503666"]
[WhiteElo "2799"]
[BlackElo "2225"]
[Result "1-0"]
[Round "01"]
[TimeControl "180+1"]
[Date "2022.11.30"]
[WhiteClock "0:00:18"]
[BlackClock "0:00:01"]

1. d4 Nf6 2. c4 e6 3. Nc3 Bb4 4. e3 O-O 5. Ne2 d5 6. a3 Be7 7. cxd5 exd5 8. g3 c6 9. Bg2 Bf5 10. O-O Bc8 11. f3 Re8 12. e4 dxe4 13. fxe4 Bg4 14. e5 Nd5 15. Nxd5 cxd5 16. h3 Be6 17. Nf4 Nc6 18. Be3 Qd7 19. Qf3 Rad8 20. Rad1 Bf8 21. g4 Na5 22. g5 Nc4 23. Bc1 Qe7 24. Nh5 Kh8 25. Rf2 Qc7 26. Qg3 Be7 27. Bf1 Qb6 28. Kh2 Rg8 29. Qh4 Rge8 30. Bd3 g6 31. Nf6 Bxf6 32. gxf6 Nxe5 33. dxe5 Bxh3 34. Rf4 Rxe5 35. Re1 Rde8 36. Rxe5 Rxe5 37. Qh6 Qf2+ 38. Rxf2 Re6 39. Qg7# 1-0


[Site "https://www.chess.com"]

[Event "Titled Tuesday Blitz November 29 Early 2022"]
[White "Shuvalov, Evgenij"]
[Black "Paravyan, David"]
[WhiteFideId "4187237"]
[BlackFideId "4194985"]
[WhiteElo "2049"]
[BlackElo "2546"]
[Result "0-1"]
[Round "01"]
[TimeControl "180+1"]
[Date "2022.11.30"]
[WhiteClock "0:00:21"]
[BlackClock "0:02:19"]

1. d4 Nf6 2. c4 g6 3. Nc3 d5 4. cxd5 Nxd5 5. e4 Nxc3 6. bxc3 Bg7 7. Nf3 c5 8. Rb1 O-O 9. Be2 Nc6 10. d5 Ne5 11. Nxe5 Bxe5 12. Qd2 e6 13. f4 Bg7 14. c4 Qe8 15. O-O exd5 16. exd5 b6 17. Bd3 Qe7 18. f5 Bxf5 19. Bxf5 gxf5 20. Rxf5 Qe4 21. Rg5 Qxb1 22. Rxg7+ Kxg7 23. Qg5+ Kh8 24. Qf6+ Kg8 25. Qg5+ Qg6 0-1


[Site "https://www.chess.com"]

[Event "Titled Tuesday Blitz November 29 Early 2022"]
[White "Skliarov, Viktor"]
[Black "Wieczorek, Zbigniew"]
[WhiteFideId "14106736"]
[BlackFideId "1102001"]
[WhiteElo "2284"]
[BlackElo "2311"]
[Result "1-0"]
[Round "01"]
[TimeControl "180+1"]
[Date "2022.11.30"]
[WhiteClock "0:01:44"]
[BlackClock "0:01:36"]

1. e4 g6 2. d4 Bg7 3. Nc3 c6 4. Bc4 d6 5. Qf3 e6 6. Nge2 Qe7 7. h4 h6 8. a4 e5 9. dxe5 dxe5 10. h5 g5 11. Ng3 Nf6 12. Nf5 Bxf5 13. Qxf5 Nbd7 14. Be3 Qb4 15. Bb3 a5 16. O-O-O Ke7 17. Rxd7+ 1-0


[Site "https://www.chess.com"]

[Event "Titled Tuesday Blitz November 29 Early 2022"]
[White "Sokolovsky, Yahli"]
[Black "Buscar, Michael"]
[WhiteFideId "2820242"]
[BlackFideId "2603616"]
[WhiteElo "2316"]
[BlackElo "2010"]
[Result "1-0"]
[Round "01"]
[TimeControl "180+1"]
[Date "2022.11.30"]
[WhiteClock "0:00:25"]
[BlackClock "0:01:05"]

1. b3 Nf6 2. Bb2 e6 3. e3 b6 4. Nf3 Bb7 5. d4 Be7 6. Bd3 c5 7. O-O cxd4 8. exd4 O-O 9. Nbd2 d6 10. c4 Nbd7 11. Qc2 Rc8 12. Rac1 Qc7 13. Rfe1 Rfe8 14. Qb1 Nf8 15. Ne4 Ng6 16. Nfg5 Qc6 17. d5 exd5 18. cxd5 Qxd5 19. Bc4 Rxc4 20. bxc4 Qc6 21. Nxf6+ Bxf6 22. Rxe8+ Qxe8 23. Bxf6 gxf6 24. Re1 Qa8 25. Ne4 f5 26. Nf6+ Kg7 27. Qxf5 Bxg2 28. Re8 Qf3 29. Rg8+ Kh6 30. Ng4+ 1-0


[Site "https://www.chess.com"]

[Event "Titled Tuesday Blitz November 29 Early 2022"]
[White "Stijve, Theo"]
[Black "Kezin, Roman"]
[WhiteFideId "1331132"]
[BlackFideId "24124621"]
[WhiteElo "2256"]
[BlackElo "2501"]
[Result "0-1"]
[Round "01"]
[TimeControl "180+1"]
[Date "2022.11.30"]
[WhiteClock "0:00:07"]
[BlackClock "0:00:51"]

1. Nf3 d5 2. d4 Nf6 3. g3 Bf5 4. Bg2 e6 5. O-O h6 6. c4 c6 7. Nc3 Nbd7 8. b3 Be7 9. Bb2 O-O 10. Nd2 a5 11. e4 dxe4 12. Ndxe4 Nxe4 13. Nxe4 a4 14. Re1 Nf6 15. Nxf6+ Bxf6 16. bxa4 c5 17. Be4 cxd4 18. Qb3 Qa5 19. Rad1 Rfd8 20. Bxb7 Rab8 21. Rb1 Rd7 22. Qb5 Qxb5 23. axb5 Rdxb7 24. Ra1 Rc7 25. Rec1 Rbc8 26. a4 Rxc4 27. Rxc4 Rxc4 28. a5 d3 29. Bxf6 gxf6 30. a6 d2 31. a7 Rc1+ 32. Kg2 Rxa1 0-1


[Site "https://www.chess.com"]

[Event "Titled Tuesday Blitz November 29 Early 2022"]
[White "Sukandar, Irine Kharisma"]
[Black "Andreikin, Dmitry"]
[WhiteFideId "7101937"]
[BlackFideId "4158814"]
[WhiteElo "2301"]
[BlackElo "2736"]
[Result "0-1"]
[Round "01"]
[TimeControl "180+1"]
[Date "2022.11.30"]
[WhiteClock "0:00:06"]
[BlackClock "0:01:06"]

1. e4 c5 2. Nf3 Nc6 3. d4 cxd4 4. Nxd4 e6 5. Nc3 a6 6. Be3 Nf6 7. Bd3 Qc7 8. O-O Bd6 9. h3 O-O 10. Nb3 Be5 11. f4 Bxc3 12. bxc3 d6 13. Qd2 e5 14. Rad1 Rd8 15. Qf2 Qe7 16. f5 b5 17. c4 Bb7 18. c5 d5 19. exd5 Rxd5 20. c4 Rxd3 21. Rxd3 bxc4 22. Rd6 cxb3 23. Bg5 bxa2 24. Qh4 Rd8 25. Rxf6 Qxc5+ 26. Kh2 Rd3 27. Rxf7 Kxf7 28. Qh5+ Kg8 29. f6 Qf8 30. Bh6 gxh6 31. Qg4+ Kh8 32. f7 Rd6 33. Qf5 Rg6 34. Rc1 Rxg2+ 35. Kxg2 Nd4+ 0-1


[Site "https://www.chess.com"]

[Event "Titled Tuesday Blitz November 29 Early 2022"]
[White "Szabo, Marton Mihaly"]
[Black "Vasques, Antonio Pedro Freixial"]
[WhiteFideId "787086"]
[BlackFideId "1908332"]
[WhiteElo "2168"]
[BlackElo "2243"]
[Result "0-1"]
[Round "01"]
[TimeControl "180+1"]
[Date "2022.11.30"]
[WhiteClock "0:00:38"]
[BlackClock "0:00:33"]

1. e4 c5 2. c4 Nc6 3. Nc3 g6 4. g3 Bg7 5. Bg2 Nf6 6. Nge2 O-O 7. O-O Ne8 8. d3 Nc7 9. Rb1 Ne6 10. a3 b6 11. b4 d6 12. Be3 Ned4 13. Qd2 Bh3 14. Bh6 Bxg2 15. Kxg2 Nxe2 16. Nxe2 e6 17. Bxg7 Kxg7 18. b5 Nd4 19. Nxd4 cxd4 20. f4 Qc7 21. f5 exf5 22. exf5 f6 23. Rf4 g5 24. Rxd4 Rae8 25. Rd5 Re5 26. Rxe5 dxe5 27. Qe3 Rd8 28. a4 Rd4 29. Qf3 Qd7 30. Rb3 g4 31. Qf1 e4 32. dxe4 Rd2+ 33. Kh1 Rd1 34. Rb1 Rxf1+ 35. Rxf1 Qd3 36. Rf4 Qxc4 37. Rxg4+ Kf7 38. h3 Qxa4 39. Kg2 Qxb5 40. Rh4 Qe2+ 41. Kg1 h5 42. Rf4 a5 43. g4 hxg4 44. Rxg4 Qxg4+ 45. hxg4 a4 46. g5 fxg5 47. Kf2 a3 48. e5 a2 49. e6+ Kf6 50. e7 Kxe7 51. Kf3 Kf6 52. Kg4 a1=Q 0-1


[Site "https://www.chess.com"]

[Event "Titled Tuesday Blitz November 29 Early 2022"]
[White "Szalay, Karoly"]
[Black "Mitrovic, Darko R"]
[WhiteFideId "2600544"]
[BlackFideId "927023"]
[WhiteElo "2538"]
[BlackElo "2150"]
[Result "1-0"]
[Round "01"]
[TimeControl "180+1"]
[Date "2022.11.30"]
[WhiteClock "0:02:08"]
[BlackClock "0:00:48"]

1. e4 e6 2. d4 d5 3. Nd2 Nf6 4. e5 Nfd7 5. f4 b6 6. c3 g6 7. Bd3 a5 8. Ndf3 Ba6 9. Bc2 c5 10. Ne2 Nc6 11. Be3 b5 12. dxc5 Bxc5 13. Ned4 Nxd4 14. Nxd4 b4 15. cxb4 Bxb4+ 16. Kf2 O-O 17. h4 Nc5 18. h5 Ne4+ 19. Bxe4 dxe4 20. hxg6 hxg6 21. Qg4 Kg7 22. f5 Rh8 23. f6+ Kg8 24. Rxh8+ Kxh8 25. Rh1+ Kg8 26. Qh4 Rc8 27. Qh8# 1-0


[Site "https://www.chess.com"]

[Event "Titled Tuesday Blitz November 29 Early 2022"]
[White "Szpar, Milosz"]
[Black "Georg, Heinz"]
[WhiteFideId "1184989"]
[BlackFideId "4607295"]
[WhiteElo "2422"]
[BlackElo "2341"]
[Result "1-0"]
[Round "01"]
[TimeControl "180+1"]
[Date "2022.11.30"]
[WhiteClock "0:00:13"]
[BlackClock "0:00:06"]

1. e4 e5 2. Nf3 Nc6 3. Bb5 f5 4. Nc3 Nf6 5. exf5 e4 6. Ng5 d5 7. d3 Bxf5 8. dxe4 dxe4 9. Qe2 Bb4 10. O-O Bxc3 11. Qc4 Qd5 12. bxc3 h6 13. Nh3 Qxc4 14. Bxc4 Bxh3 15. gxh3 Ne5 16. Be6 Ke7 17. Bb3 c5 18. Bf4 Nf3+ 19. Kh1 g5 20. Be3 b6 21. a4 a5 22. Ba2 Rad8 23. Rab1 Rd6 24. Rb5 Rhd8 25. Bc4 Ne5 26. Be2 Nd5 27. Rb3 Ke6 28. h4 c4 29. Ra3 Nxe3 30. fxe3 Rd2 31. Bh5 Rxc2 32. hxg5 hxg5 33. Raa1 Rdd2 34. Rfb1 Rxh2+ 35. Kg1 Rxh5 36. Rxb6+ Ke7 37. Rb5 Nd7 38. Rd5 Rch2 39. Rad1 Rh1+ 40. Kg2 R5h2+ 41. Kg3 Rxd1 42. Rxd1 Rc2 43. Rd4 Rxc3 44. Rxe4+ Kf6 45. Rd4 Ne5 46. Rd6+ Kf5 47. Kf2 Ke4 48. Rd4+ Kf5 49. Rd5 Rxe3 50. Kxe3 c3 51. Kd4 g4 52. Rxe5+ Kf4 53. Rc5 g3 54. Rxc3 g2 55. Rc1 Kf3 56. Kc5 Kf2 57. Kb5 g1=Q 58. Rxg1 Kxg1 59. Kxa5 Kf2 60. Kb6 Ke3 61. a5 Kd4 62. a6 Kc4 63. a7 Kd4 64. a8=Q Kd3 65. Qa4 Ke3 66. Kc5 Kd3 67. Kd5 1-0


[Site "https://www.chess.com"]

[Event "Titled Tuesday Blitz November 29 Early 2022"]
[White "Sztokbant, Bernardo Vainzoff"]
[Black "Firouzja, Alireza"]
[WhiteFideId "2115956"]
[BlackFideId "12573981"]
[WhiteElo "2228"]
[BlackElo "2903"]
[Result "0-1"]
[Round "01"]
[TimeControl "180+1"]
[Date "2022.11.30"]
[WhiteClock "0:00:06"]
[BlackClock "0:02:02"]

1. e4 g6 2. d4 Bg7 3. Nc3 d6 4. Nf3 Nf6 5. Be2 O-O 6. O-O a6 7. Be3 e6 8. a4 b6 9. Bd3 Bb7 10. Re1 Nc6 11. h3 Nb4 12. Qd2 c5 13. Bh6 Rc8 14. Bxg7 Kxg7 15. Rad1 Qc7 16. Qf4 c4 17. Bf1 Nxc2 18. Re2 Nb4 19. Re3 Nh5 20. Qh4 Qd8 21. Qg4 f5 22. exf5 exf5 23. Qg5 Bxf3 24. Qxd8 Rfxd8 25. Rxf3 d5 26. g3 Nf6 27. Re3 Ne4 28. Bg2 Nd3 29. Rexd3 cxd3 30. Rxd3 Rc4 31. Ne2 Rxa4 32. Nf4 Kf6 33. Rd1 Rb4 34. Rc1 Rd6 35. Rc7 Rxd4 36. Rxh7 Rd1+ 37. Kh2 d4 38. h4 Nxf2 39. Rh6 Ng4+ 0-1


[Site "https://www.chess.com"]

[Event "Titled Tuesday Blitz November 29 Early 2022"]
[White "Terzi, Alexei"]
[Black "Shapiro, Daniel"]
[WhiteFideId "13505076"]
[BlackFideId "2001780"]
[WhiteElo "2172"]
[BlackElo "2317"]
[Result "1-0"]
[Round "01"]
[TimeControl "180+1"]
[Date "2022.11.30"]
[WhiteClock "0:00:05"]
[BlackClock "0:00:04"]

1. d4 Nf6 2. Nf3 b6 3. Bf4 Bb7 4. e3 e6 5. c4 d6 6. Nc3 Nbd7 7. h3 Qe7 8. Bg3 g6 9. Bd3 Bg7 10. O-O O-O 11. Re1 e5 12. Bf1 e4 13. Nd2 c6 14. Qb3 a6 15. a4 a5 16. Rec1 c5 17. Nb5 Ne8 18. Nb1 f5 19. N1c3 g5 20. Nd5 Bxd5 21. cxd5 f4 22. Bh2 h5 23. exf4 gxf4 24. dxc5 Nxc5 25. Qc2 Bh6 26. Re1 Qg7 27. Ra3 f3 28. Rxe4 Nxe4 29. Qxe4 Nf6 30. Qxf3 Ng4 31. Qg3 Bf4 32. Qxf4 Rxf4 33. Bxf4 Qf6 34. Bg3 Ne5 35. Re3 Rf8 36. f3 h4 37. Bxe5 dxe5 38. d6 Qf4 39. Re4 Qd2 40. Bc4+ Kg7 41. Rg4+ Kf6 42. Re4 Kf5 43. Rg4 Qe1+ 44. Kh2 Kf6 45. Nc7 Rd8 46. Nd5+ Kf5 47. Ne7+ Kf6 48. Rg6# 1-0


[Site "https://www.chess.com"]

[Event "Titled Tuesday Blitz November 29 Early 2022"]
[White "Tokhirjonova, Gulrukhbegim"]
[Black "Flis, Pawel"]
[WhiteFideId "14203626"]
[BlackFideId "1112864"]
[WhiteElo "2236"]
[BlackElo "1817"]
[Result "1-0"]
[Round "01"]
[TimeControl "180+1"]
[Date "2022.11.30"]
[WhiteClock "0:01:50"]
[BlackClock "0:01:53"]

1. e4 c5 2. Nf3 d6 3. d4 Nf6 4. Nc3 cxd4 5. Nxd4 a6 6. h3 e6 7. g4 Be7 8. g5 Nfd7 9. Be3 b6 10. f4 Bb7 11. Qf3 O-O 12. h4 Nc5 13. h5 Nbd7 14. b4 e5 15. bxc5 exd4 16. Bxd4 bxc5 17. Be3 Nb6 18. Rb1 Rb8 19. Bd3 Qd7 20. Rxb6 Bxe4 21. Qxe4 Rxb6 22. Qxh7# 1-0


[Site "https://www.chess.com"]

[Event "Titled Tuesday Blitz November 29 Early 2022"]
[White "Tologon tegin, Semetei"]
[Black "Aqib Javaid Butt"]
[WhiteFideId "13800574"]
[BlackFideId "7801262"]
[WhiteElo "2282"]
[BlackElo "1659"]
[Result "1-0"]
[Round "01"]
[TimeControl "180+1"]
[Date "2022.11.30"]
[WhiteClock "0:00:15"]
[BlackClock "0:00:01"]

1. e4 c6 2. d4 d5 3. e5 Bf5 4. c4 e6 5. Nc3 Nd7 6. h3 h5 7. Nf3 dxc4 8. Bxc4 Ne7 9. O-O Nd5 10. Bd3 Bxd3 11. Qxd3 Qb6 12. Ne4 c5 13. dxc5 Nxc5 14. Nxc5 Bxc5 15. a3 Rd8 16. Qe4 Ne7 17. b4 Bd4 18. Ra2 Qc6 19. Qe2 g6 20. Rc2 Qa4 21. Bg5 Bb6 22. Bf6 Rg8 23. Ng5 Rd7 24. Ne4 Nd5 25. Rc8+ Bd8 26. Bxd8 Rxd8 27. Nd6+ Ke7 28. Rxd8 Rxd8 29. Qf3 Rf8 30. Rc1 1-0


[Site "https://www.chess.com"]

[Event "Titled Tuesday Blitz November 29 Early 2022"]
[White "Troltenier, Dirk"]
[Black "Volkov, Maksim"]
[WhiteFideId "4606400"]
[BlackFideId "54123070"]
[WhiteElo "2338"]
[BlackElo "2257"]
[Result "0-1"]
[Round "01"]
[TimeControl "180+1"]
[Date "2022.11.30"]
[WhiteClock "0:00:37"]
[BlackClock "0:01:16"]

1. e4 c5 2. c3 Nf6 3. e5 Nd5 4. d4 cxd4 5. Nf3 d6 6. Bc4 dxe5 7. Nxe5 e6 8. O-O Bd6 9. cxd4 O-O 10. Nc3 Nxc3 11. bxc3 Qc7 12. Qe2 a6 13. Bd2 b5 14. Bd3 Bb7 15. a4 bxa4 16. Rxa4 Nd7 17. Nxd7 Qxd7 18. Rfa1 a5 19. Be4 Bxe4 20. Qxe4 Qb5 21. g3 Rfc8 22. c4 Qb3 23. c5 Bc7 24. Bxa5 Qb5 25. Qe1 Ra6 26. Qb4 Rxa5 27. Qxb5 Rxb5 28. Ra8 Rxa8 29. Rxa8+ Rb8 30. Ra7 Bd8 31. Kg2 Kf8 32. Kf3 Ke8 33. Ke4 Bf6 34. f4 Rb4 35. Ra8+ Kd7 36. Ra7+ Kc6 37. Ra6+ Kc7 38. Rd6 Be7 39. Ra6 Bxc5 0-1


[Site "https://www.chess.com"]

[Event "Titled Tuesday Blitz November 29 Early 2022"]
[White "Trost, Edvin"]
[Black "Roman, Rodrigo"]
[WhiteFideId "1729519"]
[BlackFideId "3701220"]
[WhiteElo "2247"]
[BlackElo "1995"]
[Result "1-0"]
[Round "01"]
[TimeControl "180+1"]
[Date "2022.11.30"]
[WhiteClock "0:00:44"]
[BlackClock "0:00:22"]

1. e4 c5 2. Nf3 Nc6 3. g3 g6 4. Bg2 Bg7 5. O-O e5 6. d3 Nge7 7. Na3 d6 8. Nc4 O-O 9. a4 Rb8 10. Re1 b6 11. Bd2 a6 12. Qc1 b5 13. axb5 axb5 14. Na5 b4 15. Nxc6 Nxc6 16. Bh6 f6 17. c3 Qd7 18. Bxg7 Kxg7 19. Nd2 Qc7 20. Nc4 Be6 21. Ne3 bxc3 22. bxc3 Rb3 23. Qd2 Rfb8 24. Nc4 Bxc4 25. dxc4 Nd8 26. Red1 Nf7 27. Ra2 Rb1 28. h4 Qb7 29. Rxb1 Qxb1+ 30. Kh2 Rb7 31. Bf3 Qf1 32. Qe2 Qxe2 33. Bxe2 Rb3 34. Ra7 h5 35. Bf1 g5 36. Be2 g4 37. Bd1 Rxc3 38. Ba4 Kf8 39. Bc6 Nd8 40. Bd5 Rf3 41. Kg2 f5 42. Rh7 fxe4 43. Bxe4 Rc3 44. Bd5 e4 45. Rxh5 e3 46. fxe3 Rc2+ 47. Kg1 Rc1+ 48. Kf2 Rc2+ 49. Kf1 Rc1+ 50. Ke2 Rg1 51. Kf2 Rd1 52. Rg5 Rd2+ 53. Ke1 Rh2 54. Rxg4 Ke7 55. Re4+ Kf6 56. Re8 Rh3 57. Rxd8 Rxg3 58. Rxd6+ Ke5 59. Re6+ Kf5 60. Kd2 Rh3 61. Rc6 Rxh4 62. Rxc5 Ke5 63. Kd3 Rh2 64. Rc6 Ra2 65. Re6+ Kf5 66. Re4 Ra1 67. Rf4+ Ke5 68. Re4+ Kd6 69. Rh4 Kc5 70. Rh1 Ra7 71. e4 Ra3+ 72. Ke2 Kd4 73. Rd1+ Ke5 74. c5 Rc3 75. c6 Kd6 76. Rd2 Ke5 77. Kd1 Kd6 78. Rc2 Rd3+ 79. Kc1 Kc7 80. Rd2 Rc3+ 81. Kd1 Kd6 82. Ke2 Ke5 83. Rd3 Rc2+ 84. Ke3 Rc1 85. Kd2 Ra1 86. Rc3 Rh1 87. c7 Rh2+ 88. Kc1 Rh1+ 89. Kb2 Rh2+ 90. Rc2 Kd4 91. Rxh2 Ke3 92. Rc2 Kd3 93. c8=Q Ke3 94. Qc3+ Kf4 95. Rf2+ Kg5 96. Qf3 Kh6 97. Qg4 Kh7 98. Bg8+ Kh8 99. Bh7 Kxh7 100. Rg2 Kh6 101. Kb3 Kh7 102. Kb4 Kh8 103. Kb5 Kh7 104. Kb6 Kh8 105. Kb7 Kh7 106. Kb8 Kh8 107. e5 Kh7 108. e6 Kh6 109. e7 Kh7 110. e8=Q Kh6 111. Qf8+ Kh7 112. Qe7+ Kh6 113. Qee6+ Kh7 114. Qgf5+ Kh8 115. Rh2+ Kg7 116. Qee5+ Kg8 117. Qg6+ Kf8 118. Qef5+ Ke7 119. Qge6+ Kd8 120. Qa5# 1-0


[Site "https://www.chess.com"]

[Event "Titled Tuesday Blitz November 29 Early 2022"]
[White "Tsatsalashvili, Keti"]
[Black "Guz, Ari"]
[WhiteFideId "13603434"]
[BlackFideId "2825759"]
[WhiteElo "2220"]
[BlackElo "2205"]
[Result "1-0"]
[Round "01"]
[TimeControl "180+1"]
[Date "2022.11.30"]
[WhiteClock "0:00:29"]
[BlackClock "0:00:17"]

1. d4 f5 2. Nc3 Nf6 3. Nf3 e6 4. Bg5 Be7 5. e3 O-O 6. Bd3 b6 7. Qe2 Bb7 8. O-O-O Ne4 9. Bxe7 Qxe7 10. Rhg1 Nxc3 11. bxc3 Qa3+ 12. Kd2 d6 13. e4 Nd7 14. exf5 e5 15. dxe5 dxe5 16. Nxe5 Nxe5 17. Qxe5 c5 18. Rge1 Rad8 19. Re3 Qxa2 20. Ke1 Rf7 21. Kf1 Qa4 22. f3 Rdf8 23. Qe6 Kh8 24. Kg1 Qf4 25. Rde1 Bc8 26. Qxf7 1-0


[Site "https://www.chess.com"]

[Event "Titled Tuesday Blitz November 29 Early 2022"]
[White "Tsukerman, Julia"]
[Black "Cappelletto, Joshuaede"]
[WhiteFideId "2621649"]
[BlackFideId "2824383"]
[WhiteElo "1667"]
[BlackElo "2237"]
[Result "0-1"]
[Round "01"]
[TimeControl "180+1"]
[Date "2022.11.30"]
[WhiteClock "0:00:20"]
[BlackClock "0:01:15"]

1. e4 c5 2. Nf3 d6 3. d4 cxd4 4. Nxd4 Nf6 5. Nc3 g6 6. f4 Bg7 7. e5 dxe5 8. fxe5 Ng4 9. Bb5+ Bd7 10. Qxg4 Nc6 11. Bxc6 bxc6 12. e6 Bc8 13. Be3 O-O 14. O-O-O f5 15. Qf4 Qe8 16. Qf3 Bb7 17. Qf4 a6 18. Nce2 c5 19. Nb3 c4 20. Qxc4 Rc8 21. Qf4 Bxg2 22. Rhg1 Be4 23. c3 Qa4 24. Ng3 Qxa2 25. Nxe4 fxe4 26. Qxe4 Qxb3 27. Qc2 Qxe6 28. Bd4 Bxd4 29. Rxd4 Qe3+ 0-1


[Site "https://www.chess.com"]